 Dungeon Crawl Stone Soup version 0.23-a0-586-gacb4b3f (webtiles) character file.

144 rageheart7 the Skirmisher (level 5, -2/43 HPs)
             Began as a Formicid Abyssal Knight on Dec 18, 2018.
             Was a Believer of Lugonu.
             Slain by a worm (4 damage)
             ... on level 3 of the Dungeon.
             The game lasted 00:02:37 (2031 turns).

rageheart7 the Skirmisher (Formicid Abyssal Knight) Turns: 2031, Time: 00:02:38

Health: -2/43      AC:  6    Str: 15 (16) XL:     5   Next: 51%
Magic:  6/6        EV:  9    Int: 10 (12) God:    Lugonu [**....]
Gold:   168        SH:  0    Dex:  9 (11) Spells: 4/4 levels left

rFire    . . .     SeeInvis +   a - +2 mace
rCold    . . .     Gourm    .   (no shield)
rNeg     . . .     Faith    .   g - +0 scale mail
rPois    .         Spirit   .   (helmet unavailable)
rElec    .         Reflect  .   (no cloak)
rCorr    .         Harm     .   (no gloves)
MR       .....                  (no boots)
Stlth    ..........             (no amulet)
HPRegen  0.14/turn              (no ring)
MPRegen  0.10/turn              (no ring)

@: no status effects
A: permanent stasis, dig shafts and tunnels, four strong arms, antennae 3
a: Dig, Shaft Self, Depart the Abyss, Bend Space, Renounce Religion


You were on level 3 of the Dungeon.
You worshipped Lugonu.
Lugonu was pleased with you.
You were hungry.

You visited 1 branch of the dungeon, and saw 3 of its levels.
You visited the Abyss 1 time.

You collected 168 gold pieces.

Inventory:

Hand Weapons
 a - a +2 mace (weapon)
Armour
 g - a +0 scale mail (worn)
Scrolls
 d - a scroll of remove curse
Comestibles
 c - 8 rations


   Skills:
 * Level 4.8 Fighting
 * Level 4.2 Maces & Flails
 - Level 2.1 Armour
 - Level 0.8 Dodging
 - Level 2.1 Invocations


You had 4 spell levels left.
You didn't know any spells.
Your spell library was empty.

Dungeon Overview and Level Annotations

Branches:
Dungeon (3/15)

Altars:


Innate Abilities, Weirdness & Mutations

You cannot be hasted, slowed, berserked, paralysed or teleported.
You can dig through walls and to a lower floor.
Your four strong arms can wield two-handed weapons with a shield.
You have a pair of large antennae on your head. (SInv)


Message History

The orc priest begins to cast a cantrip, but forgets the words!
The orc hits you with a +0 trident.
* * * LOW HITPOINT WARNING * * *
You closely miss the orc priest.
The orc priest is heavily wounded.
The bat barely misses you. The orc priest hits you with a +0 club.
* * * LOW HITPOINT WARNING * * *
The orc hits you but does no damage. The worm barely misses you.
The orc priest closely misses you.
As you read the scroll labeled OTZAITS RONANO, it crumbles to dust.
You feel blessed for a moment.
It was a scroll of remove curse.
The bat hits you but does no damage. The orc completely misses you.
As you read the scroll labeled WAEZXE AZOUPOW, it crumbles to dust.
You hear whispers in an ancient language.
It was a scroll of random uselessness.
The bat hits you but does no damage.
The orc priest hits you but does no damage.
The orc hits you with a +0 trident.
* * * LOW HITPOINT WARNING * * *
The worm bites you.
You die...

###### #.(..########
#..#........# #...........#
#.##.......w#################
#.##<......b@ogo....w...b..o)
#.###.#.###o#################
#.# #.#.# #.# #.# #.#.###.#
#.###..÷..#.# #.#.....#.#.#
#.###÷###)#.## {
#.###...#.#..# .
#.#..##.#.#..#####..


You could see a worm, an orc priest, 2 orcs, a hobgoblin and a bat.

Vanquished Creatures
  2 orc wizards (D:3)
  3 adders (D:2)
  3 worms
  2 dart slugs (D:2)
  A leopard gecko (D:3)
  7 orcs
  4 bats
  2 giant cockroaches (D:3)
  5 goblins
  7 hobgoblins
  6 jackals (D:1)
  A frilled lizard (D:2)
  2 kobolds
  7 rats
52 creatures vanquished.

Notes
Turn   | Place    | Note
-------+----------+-------------------------------------------
     0 | Abyss:1  | rageheart7 the Formicid Abyssal Knight began the quest for
                  | the Orb.
     0 | Abyss:1  | Reached XP level 1. HP: 18/18 MP: 2/2
    12 | Abyss:1  | Found a corrupted altar of Lugonu.
    60 | Abyss:1  | Noticed a wretched star
    61 | D:1      | Escaped the Abyss
   151 | D:1      | Reached XP level 2. HP: 22/25 MP: 3/3
   263 | D:1      | Reached * piety under Lugonu
   295 | D:1      | Reached XP level 3. HP: 7/30 MP: 4/4
  1010 | D:2      | You fall through a shaft!
  1131 | D:2      | Reached XP level 4. HP: 33/38 MP: 5/5
  1665 | D:3      | Reached ** piety under Lugonu
  1762 | D:3      | Reached XP level 5. HP: 28/43 MP: 6/6
  2031 | D:3      | HP: 2/43 [orc/+0 trident (6)]
  2031 | D:3      | Slain by a worm

Vault maps used:
D:1:      eino_arrival_water_star
D:3:      lemuel_round_altar, first_ration, grunt_gozag_breadcrumbs,
          uniq_jessica

Skill      XL: |  1  2  3  4  5 |
---------------+----------------+-----
Fighting       | 4 |  4.8
Maces & Flails | 3 4 |  4.2
Armour         | |  2.1
Dodging        | |  0.8
Invocations    | |  2.1

Action                   |  1- 3 |  4- 6 || total
-------------------------+-------+-------++-------
Melee: Mace              |    83 |    89 ||   172
Invok: Depart the Abyss  |     1 |       ||     1
  Use: Potion            |     3 |     1 ||     4
       Scroll            |     4 |     2 ||     6
  Eat: Chunk             |     1 |     2 ||     3
Armor: Leather armour    |    39 |       ||    39
       Scale mail        |    17 |    53 ||    70
Dodge: Dodged            |    92 |    43 ||   135

Table legend:
 A = Non-vault XP
 B = Vault XP
 C = Vault XP percentage of total XP
 D = Non-vault monster count
 E = Vault monster count
 F = Vault count percentage of total count
                 A         B        C        D         E       F
            +---------+---------+-------+---------+---------+-------
      Total |     206 |       0 |   0.0 |      52 |       0 |   0.0
            +---------+---------+-------+---------+---------+-------
        D:1 |      30 |       0 |   0.0 |      17 |       0 |   0.0
        D:2 |      73 |       0 |   0.0 |      15 |       0 |   0.0
        D:3 |     103 |       0 |   0.0 |      20 |       0 |   0.0
            +---------+---------+-------+---------+---------+-------
